 Dungeon Crawl Stone Soup version 0.29-a0-338-g1ff7896281 (webtiles) character file.

Game seed: 6786809628384172623

95 siradein the Vandal (level 4, -1/42 HPs)
             Began as a Naga Hunter on Apr 18, 2022.
             Slain by a steam dragon (5 damage)
             ... on level 3 of the Dungeon.
             The game lasted 00:05:16 (3001 turns).

siradein the Vandal (Naga Hunter)                   Turns: 3001, Time: 00:05:18

Health: -1/42      AC:  4    Str: 13    XL:     4   Next: 65%
Magic:  4/4        EV: 10    Int:  9    God:
Gold:   100        SH:  0    Dex: 17    Spells: 3/3 levels left

rFire   . . .      SeeInvis +   q - +2 dagger (speed)
rCold   . . .      Faith    .   p - orb {light}
rNeg    . . .      Spirit   .   b - +0 leather armour
rPois   +          Reflect  .   (no helmet)
rElec   .          Harm     .   d - +0 cloak
rCorr   .          Rampage  .   r - +0 pair of gloves
Will    +....                   (no barding)
Stlth   +.........              (no amulet)
HPRegen 0.14/turn               n - ring of willpower
MPRegen 0.09/turn               (no ring)

@: glowing, very slow
A: AC +1, large, see invisible, deformed body, poison resistance, slowness 2,
spit poison 1, naga tail 1
a: Spit Poison


You were on level 3 of the Dungeon.
You visited 1 branch of the dungeon, and saw 4 of its levels.

You collected 100 gold pieces.

Inventory:

Hand Weapons
 a - a +1 hunting sling
 q - a +2 dagger of speed (weapon)
Armour
 b - a +0 leather armour (worn)
 d - a +0 cloak (worn)
 p - an orb of light (worn)
 r - a +0 pair of gloves (worn)
Jewellery
 n - a ring of willpower (left hand)
 o - an amulet of faith
Wands
 s - a wand of digging (3)
Scrolls
 c - a scroll of immolation
 g - a scroll of vulnerability {unknown}
 i - 2 scrolls of teleportation {unknown}
 j - 3 scrolls of identify {unknown}
 t - a scroll of blinking {unknown}
Potions
 e - a potion of attraction {unknown}
 f - a potion of curing {unknown}
 h - a potion of might {unknown}
 k - a potion of berserk rage {unknown}
 l - a potion of haste {unknown}
 m - 2 potions of lignification {unknown}


   Skills:
 + Level 3.1 Fighting
 + Level 4.2 Slings
 + Level 2.5 Dodging
 - Level 1.5 Stealth


You had 3 spell levels left.
You didn't know any spells.
Your spell library contained the following spells:

 Spells                   Type           Power      Damage    Failure   Level
 Sting                    Tmut/Pois      0%         1d3       45%         1
 Poisonous Vapours        Pois/Air       0%         N/A       61%         2
 Olgreb's Toxic Radiance  Pois           0%         N/A       99%         4
 Passage of Golubria      Tloc           0%         N/A       99%         4
 Silence                  Hex/Air        0%         N/A       100%        5
 Lehudib's Crystal Spear  Conj/Erth      0%         10d2      100%        8


Dungeon Overview and Level Annotations

Branches:
Dungeon (4/15)
 Temple: D:4-7

Altars:


Innate Abilities, Weirdness & Mutations

Your serpentine skin is tough. (AC +1)
You have supernaturally acute eyesight. (SInv)
Armour fits poorly on your strangely shaped body.
Your system is resistant to poisons. (rPois)
You cover ground very slowly.
You can spit poison.
You have a snake-like lower body.


Message History

The steam dragon bites you but does no damage.
The steam dragon claws you.
The ball python hisses angrily.
You hit the steam dragon but do no damage.
The steam dragon is severely wounded.
You hit the steam dragon but do no damage.
The steam dragon is severely wounded.
A ball python comes into view.
The steam dragon bites you. The steam dragon barely misses you.
The ball python hisses angrily.
You hit the steam dragon.
The steam dragon is severely wounded.
The steam dragon completely misses you. x2
You hit the steam dragon but do no damage.
The steam dragon is severely wounded.
You barely miss the steam dragon.
The steam dragon is severely wounded.
The steam dragon closely misses you. The steam dragon barely misses you.
The steam dragon bites you!
* * * LOW HITPOINT WARNING * * *
The steam dragon claws you.
* * * LOW HITPOINT WARNING * * *
The ball python closely misses you.
There is a stone staircase leading up, spattered with blood here.
The ball python completely misses you. The steam dragon closely misses you.
The steam dragon claws you.
* * * LOW HITPOINT WARNING * * *
The ball python closely misses you.
You climb upwards.
You have got your breath back.
There is a stone staircase leading down here.
Unknown command.
Unknown command.
You hit the steam dragon.
The steam dragon is almost dead.
The steam dragon looks more healthy.
The ball python bites you but does no damage.
The steam dragon bites you but does no damage.
The steam dragon claws you.
You die...

###### #....# #....#
#....# #....# #....#
###### #....#
....<#########....#
...............S@.#
#############..SD.#
######### #.##+#########
......(.#####.#..........#
..........[..............#
.######..##.#.#..........#
.....###.#.##.#..........#
##)#.# #..###.#..........#
.##..###..###.#..........#


You could see a steam dragon and 2 ball pythons.

Vanquished Creatures
  Ijyb (D:3)
  An adder (D:3)
  2 worms (D:2)
  2 dart slugs
  5 orcs (D:3)
  4 ball pythons
  3 bats
  5 endoplasms
  2 giant cockroaches
  4 goblins
  4 hobgoblins
  2 quokkas
  2 frilled lizards
  2 kobolds
  4 rats
43 creatures vanquished.

Notes
Turn   | Place    | Note
-------+----------+-------------------------------------------
     0 | D:1      | siradein the Naga Hunter began the quest for the Orb.
     0 | D:1      | Reached XP level 1. HP: 19/19 MP: 1/1
    49 | D:1      | Found a faded altar of an unknown god.
   228 | D:1      | Reached XP level 2. HP: 26/26 MP: 2/2
  1031 | D:2      | Reached XP level 3. HP: 33/33 MP: 3/3
  1177 | D:2      | Reached skill level 4 in Slings
  1198 | D:2      | You fall into a shaft and drop 1 floor!
  1248 | D:3      | HP: 1/33 [orc/+0 whip (1)]
  2057 | D:2      | Reached XP level 4. HP: 37/40 MP: 4/4
  2498 | D:3      | Noticed Ijyb
  2538 | D:3      | Killed Ijyb
  2984 | D:4      | Noticed a steam dragon
  3001 | D:3      | Slain by a steam dragon

Illustrated notes

Levels and vault maps discovered:
D:1:      scummos_arrival_simple_crosswalls, layout_basic,
          basic_ecumenical_altar, st_stairs_10
D:2:      layout_rooms
D:3:      layout_basic, uniq_ijyb
D:4:      layout_cave_pods

Skill      XL: |  1  2  3  4 |
---------------+-------------+-----
Dodging        | 2 |  2.5
Slings         | 4 |  4.2
Fighting       | 3 |  3.1
Stealth        | |  1.5

Action                   |  1- 3 |  4- 6 || total
-------------------------+-------+-------++-------
Melee: Dagger            |       |    18 ||    18
 Fire: Hunting sling     |    91 |    29 ||   120
 Abil: Spit Poison       |     2 |     4 ||     6
Armor: Leather armour    |     6 |    10 ||    16
Dodge: Dodged            |    19 |    20 ||    39

Table legend: (Time is in decaauts)
 A = Elapsed time spent in this place.
 B = Non-inter-level travel time spent in this place.
 C = Inter-level travel time spent in this place.
 D = Time resting spent in this place.
 E = Time spent auto-exploring this place.
 F = Levels seen in this place.
 G = Mean time per level.
                   A        B        C        D        E       F      G
               +--------+--------+--------+--------+--------+-----+--------+
         Total |   3826 |   3718 |    108 |    522 |   2566 |   4 |  956.5 |
       Dungeon |   3826 |   3718 |    108 |    522 |   2566 |   4 |  956.5 |
               +--------+--------+--------+--------+--------+-----+--------+

Top non-repeatable levels by time:
     D:3: 1618 daAuts
     D:1: 1322 daAuts
     D:2: 871 daAuts
     D:4: 13 daAuts
